 Dungeon Crawl Stone Soup version 0.25-a0-310-g60f0ac2d9a (webtiles) character file.

Game seed: 15143696896278964243, levelgen mode: deterministic

512337 MisterFreud the Middleweight Champion (level 24, -3/254 HPs)
             Began as a Pale Draconian Transmuter on Dec 21, 2019.
             Was the Champion of Ru.
             Slain by a deep troll (32 damage)
             ... on level 3 of the Depths on Dec 23, 2019.
             The game lasted 03:25:40 (55894 turns).

MisterFreud the Middleweight Champion (DrTm)       Turns: 55894, Time: 03:25:40

Health: -3/254     AC: 19    Str: 17    XL:     24   Next: 37%
Magic:  31/37      EV: 23    Int: 17    God:    Ru [******]
Gold:   6022       SH:  0    Dex: 14    Spells: 21/43 levels left

rFire    + . .     SeeInvis .     - Unarmed
rCold    + + .     Gourm    .   (shield currently unavailable)
rNeg     . . .     Faith    .   (armour unavailable)
rPois    +         Spirit   .   v - +2 hat
rElec    .         Reflect  .   m - +1 cloak
rCorr    .         Harm     .   (gloves currently unavailable)
MR       +++..                  O - +2 pair of boots {run}
Stlth    ..........             D - amulet of rage
HPRegen  0.92/turn              L - ring "Nidioso" {+Fly rF+ MR+}
MPRegen  0.25/turn              J - ring "Ritualla" {Wiz rC++ MR+}

@: exhausted, blade hands (expiring), studying Transmutations, lightly drained,
quick
A: breathe steam, unfitting armour, deterioration 1, dopey 1, poison resistance,
regeneration 1, robust 1, cold-blooded, subdued magic 1, no stealth, hated by
all, cowardly, disrupted magic 1, inexperienced 1, AC +12
}: 2/15 runes: decaying, serpentine
a: Breathe Steam, End Transformation, Draw Out Power, Power Leap, Apocalypse,
Renounce Religion, Evoke Berserk Rage, Evoke Flight


You were on level 3 of the Depths.
You worshipped Ru.
Ru was exalted by your worship.
You were hungry.
You had blades for hands.
You visited 9 branches of the dungeon, and saw 43 of its levels.
You visited the Abyss 1 time.
You also visited: Trove.

You collected 7214 gold pieces.
You spent 1192 gold pieces at shops.

Inventory:

Armour
 m - a +1 cloak (worn)
 v - a +2 hat (worn)
 O - a +2 pair of boots of running (worn)
 U - a +2 pair of gloves of dexterity (melded)
Jewellery
 f - the ring "Comy" {Fire MR+ Int+3}
   (You found it in a treasure trove)

   [ring of fire]

   It enhances your fire magic.
   It affects your intelligence (+3).
   It protects you from fire.
   It makes you vulnerable to cold.
   It affects your resistance to hostile enchantments.
 p - the ring of Eraes {Dex+3 SInv}
   (You found it on level 15 of the Dungeon)

   [ring of see invisible]

   It affects your dexterity (+3).
   It lets you see invisible.
 q - the amulet of Ominuz Buex {Acrobat rF+++ Str+5 Dex-2}
   (You found it in a treasure trove)

   [amulet of the acrobat]

   It helps you evade while moving and waiting.
   It affects your strength (+5).
   It affects your dexterity (-2).
   It renders you almost immune to fire.
 x - the ring of Naweo {rF+ rC+ MP+9}
   (You found it on level 3 of the Snake Pit)

   [ring of magical power]

   It protects you from fire.
   It protects you from cold.
   It affects your magic capacity (+9).
 D - an amulet of rage (around neck)
 G - the ring of Lidaka {+Blink MR+ Str+2 Stlth+}
   (You took it off a deep elf mage on level 10 of the Dungeon)

   [ring of protection from magic]

   It affects your strength (+2).
   It affects your resistance to hostile enchantments.
   It lets you blink.
   It makes you more stealthy.
 H - the ring of the Scarab {rPois rC+ EV+3}
   (You found it on level 10 of the Dungeon)

   [ring of evasion]

   It affects your evasion (+3).
   It protects you from cold.
   It protects you from poison.
 I - the amulet "Gunesk" {Inacc rC- MR+ SInv}
   (You found it on level 10 of the Dungeon)

   [amulet of inaccuracy]

   It reduces the accuracy of all your attacks.
   It makes you vulnerable to cold.
   It affects your resistance to hostile enchantments.
   It lets you see invisible.
 J - the ring "Ritualla" (right scythe-like blade) {Wiz rC++ MR+}
   (You found it on level 10 of the Dungeon)

   [ring of wizardry]

   It improves your spell success rate.
   It greatly protects you from cold.
   It affects your resistance to hostile enchantments.
 L - the ring "Nidioso" (left scythe-like blade) {+Fly rF+ MR+}
   (You found it on level 11 of the Dungeon)

   [ring of protection from fire]

   It protects you from fire.
   It affects your resistance to hostile enchantments.
   It lets you fly.
 Z - the ring of Annuh {rF+ MR+ MP+9 Str+3 Stlth+}
   (You took it off a deep elf death mage on level 3 of the Elven Halls)

   [ring of protection from fire]

   It affects your strength (+3).
   It protects you from fire.
   It affects your resistance to hostile enchantments.
   It affects your magic capacity (+9).
   It makes you more stealthy.
Wands
 b - a wand of flame (95)
 j - a wand of digging (3)
 E - a wand of disintegration (9)
 P - a wand of iceblast (11)
 Q - a wand of paralysis (17)
 W - a wand of acid (15)
Scrolls
 d - 8 scrolls of teleportation
 i - 2 scrolls of enchant armour
 k - 9 scrolls of enchant weapon
 s - 12 scrolls of fear
 y - 9 scrolls of fog
 A - 8 scrolls of amnesia
 B - 8 scrolls of magic mapping
 C - 3 scrolls of silence
 M - 14 scrolls of remove curse
 R - a scroll of vulnerability
 S - 8 scrolls of identify
 T - 4 scrolls of brand weapon
Potions
 e - 3 potions of cancellation
 g - 7 potions of mutation
 h - 10 potions of curing
 l - 6 potions of haste
 n - 5 potions of berserk rage
 r - 8 potions of brilliance
 t - 5 potions of heal wounds
 w - 5 potions of resistance
 z - 10 potions of flight
 F - 2 potions of ambrosia
 K - a potion of invisibility
 N - 2 potions of might
 V - 2 potions of agility
 X - 2 potions of magic
Books
 u - a manual of Transmutations
Miscellaneous
 o - a lamp of fire
 Y - a lamp of fire
Comestibles
 a - 5 chunks of flesh
 c - 59 rations


   Skills:
 - Level 21.7(21.5) Fighting
 - Level 16.9(16.7) Dodging
 O Level 27(26.7) Unarmed Combat
 - Level 10.0(9.8) Spellcasting
 + Level 14.8(14.6) Transmutations
 - Level 10.0(9.8) Evocations


You had 21 spell levels left.
You knew the following spells:

 Your Spells              Type           Power        Failure   Level  Hunger
a - Beastly Appendage     Tmut           #####.       2%          1    None
b - Sticks to Snakes      Tmut           #####...     2%          2    None
c - Spider Form           Tmut/Pois      ####......   9%          3    None
d - Blade Hands           Tmut           #####.....   6%          5    #####..
e - Ice Form              Ice/Tmut       ####....     14%         4    ###....
f - Dragon Form           Tmut           #####.....   32%         7    #######

Your spell library contained the following spells:

 Spells                   Type           Power        Failure   Level  Hunger
 Passwall                 Tmut/Erth      ####....     6%          2    None
 Hydra Form               Tmut           #####.....   12%         6    ######.
 Ignite Poison            Fire/Tmut/Pois ###.....     13%         3    None
 Petrify                  Tmut/Erth      ####....     14%         4    ###....
 Apportation              Tloc           #.....       21%         1    None
 Confusing Touch          Hex            #.....       21%         1    None
 Corona                   Hex            #......      21%         1    None
 Infusion                 Chrm           #...         21%         1    None
 Magic Dart               Conj           #...         21%         1    None
 Pain                     Necr           #...         21%         1    None
 Sandblast                Erth           #.....       21%         1    None
 Ensorcelled Hibernation  Hex/Ice        #.....       26%         2    None
 Searing Ray              Conj           #.....       26%         2    None
 Shroud of Golubria       Chrm/Tloc      #.....       26%         2    None
 Song of Slaying          Chrm           #.......     26%         2    None
 Sublimation of Blood     Necr           #.........   26%         2    None
 Swiftness                Chrm/Air       #.......     26%         2    None
 Alistair's Intoxication  Tmut/Pois      ####....     26%         5    #####..
 Irradiate                Conj/Tmut      ####......   26%         5    #####..
 Yara's Violent Unravell  Hex/Tmut       ####......   26%         5    #####..
 Confuse                  Hex            #.......     38%         3    None
 Dazzling Flash           Conj/Hex       #.....       38%         3    None
 Gell's Gravitas          Tloc           #.........   38%         3    None
 Lesser Beckoning         Tloc           #.........   38%         3    None
 Ozocubu's Armour         Chrm/Ice       #.......     38%         3    None
 Portal Projectile        Hex/Tloc       #.....       38%         3    None
 Regeneration             Chrm/Necr      #.........   38%         3    None
 Spectral Weapon          Hex/Chrm       #.......     38%         3    None
 Stone Arrow              Conj/Erth      #.....       38%         3    None
 Teleport Other           Tloc           #.......     38%         3    None
 Tukima's Dance           Hex            #.......     38%         3    None
 Vampiric Draining        Necr           #.........   38%         3    None
 Eringya's Noxious Bog    Tmut/Pois      ####......   61%         6    ######.
 Statue Form              Tmut/Erth      ####.....    61%         6    ######.
 Cause Fear               Hex            #.........   69%         4    ###....
 Fulminant Prism          Conj/Hex       #.........   69%         4    ###....
 Iskenderun's Mystic Bla  Conj/Tloc      #.......     69%         4    ###....
 Passage of Golubria      Tloc           N/A          69%         4    ###....
 Excruciating Wounds      Chrm/Necr      #.........   91%         5    #####..
 Lee's Rapid Deconstruct  Erth           #.........   91%         5    #####..
 Metabolic Englaciation   Hex/Ice        #.........   91%         5    #####..
 Silence                  Hex/Air        #.........   91%         5    #####..
 Deflect Missiles         Chrm/Air       #.........   100%        6    ######.
 Dispersal                Tloc           #.........   100%        6    ######.
 Ring of Flames           Chrm/Fire      #.........   100%        7    #######
 Borgnjor's Revivificati  Necr           #.........   100%        8    #######
 Controlled Blink         Tloc           N/A          100%        8    #######
 Death's Door             Chrm/Necr      #.........   100%        8    #######
 Discord                  Hex            #.........   100%        8    #######
 Disjunction              Tloc           #.........   100%        8    #######
 Necromutation            Tmut/Necr      ####......   100%        8    #######
 Animate Skeleton         Necr           Unusable     N/A         1    N/A
 Summon Small Mammal      Summ           Unusable     N/A         1    N/A
 Animate Dead             Necr           Unusable     N/A         4    N/A
 Haunt                    Necr/Summ      Unusable     N/A         7    N/A
 Malign Gateway           Summ/Tloc      Unusable     N/A         7    N/A
 Monstrous Menagerie      Summ           Unusable     N/A         7    N/A
 Summon Greater Demon     Summ           Unusable     N/A         7    N/A
 Infestation              Necr           Unusable     N/A         8    N/A
 Summon Horrible Things   Summ           Unusable     N/A         8    N/A

Dungeon Overview and Level Annotations

Branches:
Dungeon (15/15)            Temple (1/1) D:5            Lair (6/6) D:11
  Swamp (4/4) Lair:3        Snake (4/4) Lair:3        Slime (0/5) Lair:5
    Orc (2/2) D:10            Elf (3/3) Orc:2        Vaults (4/5) D:13
  Crypt (0/3) Vaults:2     Depths (4/5) D:15

Altars:
Ashenzari
Cheibriados
Dithmenos
Elyvilon
Fedhas
Gozag
Hepliaklqana
Kikubaaqudgha
Makhleb
Nemelex Xobeh
Okawaru
Qazlal
Ru
Sif Muna
Trog
Uskayaw
Vehumet
Wu Jian
Xom
Yredelemnul
Zin
The Shining One
Beogh
Jiyva

Shops:
D:4 %   D:6 [}!(   D:10 [*   Orc:2 :*[([=   Elf:1 }   Elf:3 [   Snake:1 [
Depths:4 [

Portals:
Hell: Depths:1 Depths:2 Depths:3
Abyss: Depths:1 Depths:2 Depths:3
Pandemonium: Depths:1 Depths:3
Ziggurat: Depths:1


Innate Abilities, Weirdness & Mutations

You can breathe blasts of scalding, opaque steam.
Your pale cyan-grey scales are hard. (AC +12)
You cannot fit into any form of body armour.
You are dopey. (Int -2)
You are cold-blooded and may be slowed by cold attacks.
You cannot be stealthy.
You are hated by all.
Your cowardice makes you less effective in combat with threatening monsters.
Your casting is slightly disrupted.
You are somewhat inexperienced. (-2 XL)
Your body sometimes deteriorates upon taking damage.
Your system is resistant to poisons. (rPois)
Your natural rate of healing is unusually fast.
You are robust. (+10% HP)
Your spells are a little easier to cast, but a little less powerful.


Message History

The deep troll claws you!!
* * * LOW HITPOINT WARNING * * *
The deep troll claws you!!
* * * LOW HITPOINT WARNING * * *
Okay, then.
Unknown command.
Unknown command.
Unknown command.
Okay, then.
Unknown command.
Unknown command.
Unknown command.
Aiming: Power Leap
Press: ? - help, Dir - move target cursor The deep troll closely misses you.
The deep troll misses you.
The deep troll claws you but does no damage.
There is an escape hatch in the ceiling here.
Your transformation is almost over.
The deep troll bites you!!
You die...

....≈≈..##.....(.##########....#
≈≈≈≈≈..##.........# ######
......##..(.......#
################### ≈≈≈≈#
#....#.# 8≈≈## #....#.### ≈≈##
#........# ≈## ####.......### ##
#>##...T@..([# # #.[.......##(##
#.........##()# #...<.....###)##
#### #.........###).#
...######...########≈..##
...##.......# #≈≈..#
...##.......# ##≈≈..##
...##...))(.# ##≈§≈...#


You could see a deep troll.

Vanquished Creatures
  Mara (Depths:2)
  the Lernaean hydra (Swamp:4)
  Bai Suzhen (Depths:3)
  Saint Roka (Depths:2)
  Xtahua (Depths:3)
  Margery (Depths:1)
  the Enchantress (Depths:2)
  Jory (Depths:3)
  A tentacled monstrosity (Depths:3)
  Jorgrun (Swamp:1)
  4 liches
  A titan (Depths:3)
  3 deep elf blademasters
  Asterion (Elf:2)
  A deep elf master archer (Elf:3)
  5 sphinxes
  4 tengu reavers
  Gastronok (Lair:3)
  Agnes (Elf:2)
  Kirke (Lair:5)
  2 thorn hunters (Swamp:4)
  A storm dragon (Depths:3)
  Donald (Snake:3)
  22 nagarajas
  9 fire giants
  6 frost giants
  Aizul (Snake:3)
  9 deep elf sorcerers
  2 orc warlords
  2 balrugs
  10 ironheart preservers
  15 vault wardens
  The ghost of Qenoimudgh the Unseen, an adept FeMo of Yredelemnul (Vaults:2)
  4 deep elf elementalists (Elf:3)
  The ghost of Doofuf the Warrior, a journeyman DsWn of Gozag (D:15)
  A draconian annihilator (Abyss:3)
  8 spriggan defenders (Depths:2)
  A war gargoyle (Vaults:3)
  14 stone giants
  8 very ugly things
  The ghost of Wayffaf the Carver, a journeyman DrSk of Ashenzari (D:15)
  Azrael (Snake:2)
  5 deep elf demonologists
  7 vampire knights
  8 spark wasps
  The ghost of kaychamo the Slinger, a journeyman NaHu of Gozag (Lair:3)
  12 deep elf annihilators
  Snorg (Lair:5)
  6 ettins
  5 deep elf death magi (Elf:3)
  4 deep elf high priests (Elf:3)
  10 fire dragons
  A merfolk javelineer (Depths:3)
  The ghost of Jeoraust the Cleaver, a journeyman MiFi of Okawaru (D:15)
  3 great orbs of eyes
  Josephine (D:13)
  14 yaktaur captains
  9 ice dragons
  12 ogre magi
  12 centaur warriors
  2 ghost crabs
  4 rakshasas
  23 hydras
  A catoblepas (Lair:6)
  8 vault guards
  12 death yaks (Lair:6)
  4 spriggan air magi
  29 naga warriors
  14 alligators
  4 death knights
  A shambling mangrove (Swamp:2)
  5 anacondas
  39 two-headed ogres
  27 naga sharpshooters
  32 dancing weapons
  6 tengu warriors
  7 deep troll shamans
  A deep troll earth mage (Depths:4)
  3 shock serpents
  7 hell knights
  2 spriggan berserkers
  2 vampire magi (Depths:2)
  3 orc high priests
  4 thrashing horrors (Abyss:3)
  6 large abominations
  7 skeletal warriors
  A wretched star (Abyss:3)
  10 deep elf knights
  A sixfirhy (Depths:1)
  A shadow wraith (Vaults:3)
  An iron troll (Depths:3)
  2 glowing orange brains
  8 spriggan druids
  A flayed ghost (Vaults:4)
  6 salamander mystics
  10 naga ritualists
  3 wizards
  13 swamp dragons
  5 deep trolls
  A death drake (shapeshifter) (Depths:3)
  2 spatial maelstroms (Abyss:3)
  8 unseen horrors
  9 deep elf archers
  A tengu zombie (Depths:3)
  2 phantasmal warriors (Depths:3)
  4 necromancers
  A harpy (shapeshifter) (Vaults:1)
  Pikel (D:8)
  13 ironbrand convokers
  49 deep elf magi
  10 mana vipers
  7 wolf spiders
  A fire giant zombie (Depths:3)
  5 orc sorcerers
  9 harpies (Vaults:3)
  10 salamanders
  25 orc knights
  A frost giant zombie (Depths:3)
  2 oklob plants (D:11)
  50 ugly things
  A worldbinder (Abyss:3)
  7 cyclopes
  3 manticores
  2 moths of wrath (Lair:3)
  28 elephants
  11 vault sentinels
  14 naga magi
  2 centaur zombies
  Joseph (D:8)
  5 guardian serpents (Snake:4)
  A water nymph (shapeshifter) (Depths:1)
  An orange demon (Depths:1)
  An eye of devastation (shapeshifter) (D:10)
  35 black mambas
  29 spiny frogs
  Psyche (D:8)
  4 gargoyles
  A rust devil (Depths:1)
  A smoke demon (Abyss:3)
  2 torpor snails
  88 yaktaurs
  8 komodo dragons
  A kobold demonologist (D:11)
  6 rime drakes
  2 hellwings (Depths:3)
  2 tengu conjurers
  8 freezing wraiths
  An ancient zyme (Abyss:3)
  A red devil (Depths:1)
  The ghost of bmfx the Summoner, a novice DESu (D:6)
  6 meliai
  A meliai (shapeshifter) (Elf:2)
  9 trolls
  A polar bear (shapeshifter) (Depths:3)
  14 tyrant leeches
  A slime creature (shapeshifter) (Depths:2)
  A polar bear (Lair:6)
  12 blink frogs
  2 raiju (Abyss:3)
  A fire dragon zombie (Depths:1)
  21 hornets
  47 slime creatures
  20 bog bodies
  9 dream sheep
  A hippogriff (shapeshifter) (Depths:3)
  17 hippogriffs
  An ettin skeleton (Depths:1)
  3 air elementals
  3 shadows
  A spriggan skeleton (Depths:3)
  7 water elementals
  30 spriggans
  15 humans
  5 wyverns
  8 wraiths
  47 yaks
  A basilisk (shapeshifter) (Vaults:4)
  8 basilisks
  5 small abominations (Abyss:3)
  8 fire elementals
  A hog (shapeshifter) (Depths:1)
  A human (shapeshifter) (Vaults:2)
  7 hogs
  2 neqoxecs (Abyss:3)
  Grum (D:8)
  2 hungry ghosts
  8 wargs
  21 vampire mosquitoes
  2 yaktaur simulacra
  17 insubstantial wisps
  5 spatial vortices (Abyss:3)
  66 nagas
  2 acid dragons
  14 swamp worms
  Duvessa (D:5)
  14 water moccasins
  5 porcupines
  4 hell hounds
  4 sky beasts
  63 orc warriors
  2 eyes of draining
  4 ice beasts
  3 slaves (D:8)
  15 swamp drakes
  A spriggan simulacrum (Depths:1)
  5 black bears
  An eye of draining (shapeshifter) (Depths:2)
  A necrophage (D:12)
  15 boggarts
  17 centaurs
  20 wolves
  28 ogres
  A phantom (D:9)
  A crocodile (shapeshifter) (Elf:3)
  6 crocodiles
  A big kobold (shapeshifter) (D:15)
  22 bullfrogs
  2 earth elementals (Elf:3)
  2 big kobolds
  Blork the orc (Orc:2)
  Dowan (D:5)
  A wyvern zombie (D:15)
  9 scorpions
  A wight (D:11)
  2 killer bees (D:13)
  A howler monkey (D:5)
  2 electric eels (D:7)
  5 crimson imps
  3 jellies
  2 quasits (D:11)
  3 bullfrog zombies
  14 starcursed masses (Abyss:3)
  4 hounds
  4 centaur skeletons
  An iguana (D:10)
  32 orc priests
  4 bullfrog skeletons
  Jessica (D:2)
  Ijyb (D:5)
  37 orc wizards
  8 hell rats
  10 worker ants
  A killer bee zombie (D:8)
  2 bullfrog simulacra (D:6)
  4 hound skeletons
  A mummy (D:5)
  A spectral worker ant (D:6)
  A howler monkey zombie (D:10)
  A worker ant zombie (D:5)
  A howler monkey skeleton (D:7)
  19 river rats
  13 adders
  7 shadow imps
  A worker ant simulacrum (D:10)
  2 ufetubi (Abyss:3)
  3 oozes
  2 adder zombies
  An adder skeleton (D:10)
  2 worms
  3 dart slugs (D:4)
  4 leopard geckos
  128 orcs
  7 giant cockroaches
  7 goblins
  17 hobgoblins
  10 jackals
  15 quokkas
  2 ball pythons
  6 bats
  6 frilled lizards
  13 kobolds
  2 leopard gecko skeletons
  A leopard gecko zombie (D:5)
  A quokka skeleton (D:10)
  2 quokka zombies (D:6)
  21 rats
  A crawling corpse (Elf:3)
  A fungus (Lair:6)
  A plant (D:11)
2207 creatures vanquished.

Vanquished Creatures (collateral kills)
  3 orcs (D:3)
  3 hobgoblins
  A jackal (D:3)
7 creatures vanquished.

Vanquished Creatures (others)
  A stone giant (Depths:2)
  A great orb of eyes (Vaults:1)
  2 hydras
  A spriggan (Depths:2)
  A wizard (Vaults:3)
  A harpy (Vaults:3)
  A deep elf mage (Elf:2)
  A freezing wraith (Vaults:4)
  A hornet (Depths:2)
  A bog body (Swamp:1)
  A wyvern (Lair:5)
  4 humans
  An orc warrior (Vaults:2)
  2 ogres
  A centaur (Vaults:1)
  A killer bee (D:13)
  An orc wizard (Orc:2)
  A bullfrog skeleton (D:8)
  5 orcs
  A kobold (D:2)
  A bush (Swamp:4)
  31 fungi
  18 plants
79 creatures vanquished.

Grand Total: 2293 creatures vanquished

Notes
Turn   | Place    | Note
-------+----------+-------------------------------------------
     0 | D:1      | MisterFreud the Draconian Transmuter began the quest for
                  | the Orb.
     0 | D:1      | Reached XP level 1. HP: 16/16 MP: 3/3
   265 | D:1      | Reached XP level 2. HP: 23/23 MP: 3/5
   769 | D:1      | Reached XP level 3. HP: 28/28 MP: 4/6
   773 | D:1      | Learned a level 2 spell: Sticks to Snakes
   777 | D:1      | Learned a level 3 spell: Spider Form
   926 | D:2      | Found a hide-covered altar of Uskayaw.
  1065 | D:2      | Noticed Jessica
  1079 | D:2      | Killed Jessica
  1079 | D:2      | Reached XP level 4. HP: 14/35 MP: 4/8
  1485 | D:2      | Found a white marble altar of Elyvilon.
  1752 | D:3      | You fall into a shaft and drop 2 floors!
  1752 | D:5      | Entered Level 5 of the Dungeon
  1816 | D:5      | Noticed Ijyb
  1816 | D:5      | Noticed Duvessa
  1816 | D:5      | Noticed Dowan
  1833 | D:5      | Killed Duvessa
  1833 | D:5      | Reached skill level 5 in Transmutations
  1833 | D:5      | Reached XP level 5. HP: 14/40 MP: 6/10
  1840 | D:5      | Gained mutation: You are robust. (+10% HP) [potion of
                  | mutation]
  1840 | D:5      | Gained mutation: You are clumsy. (Dex -2) [potion of
                  | mutation]
  1840 | D:5      | Gained mutation: You evolve. [potion of mutation]
  1852 | D:5      | Killed Ijyb
  1870 | D:5      | Killed Dowan
  1870 | D:5      | Reached XP level 6. HP: 13/51 MP: 4/11
  1992 | D:5      | Found a staircase to the Ecumenical Temple.
  2006 | Temple   | Entered the Ecumenical Temple
  2145 | Temple   | Gained mutation: You are very robust. (+20% HP) [evolution]
  2221 | Temple   | Became a worshipper of Ru the Awakened
  2275 | D:5      | Your scales start taking on a pale cyan-grey colour.
  2275 | D:5      | Reached XP level 7. HP: 50/62 MP: 10/13
  2786 | D:4      | Found a blossoming altar of Fedhas.
  2900 | D:3      | Found an opulent altar of Gozag.
  3047 | D:3      | Gained mutation: You are somewhat inexperienced. (-2 XL)
                  | [Ru sacrifice]
  3047 | D:3      | Reached XP level 6. HP: 60/60 MP: 12/12
  3047 | D:3      | Reached XP level 5. HP: 50/50 MP: 11/11
  3047 | D:3      | Reached * piety under Ru
  3047 | D:3      | Reached ** piety under Ru
  3371 | D:4      | Reached skill level 4 in Unarmed Combat
  3378 | D:4      | Found a shattered altar of Ashenzari.
  3563 | D:4      | Gained mutation: Your body sometimes deteriorates upon
                  | taking damage. [evolution]
  3603 | D:4      | Found Mosmorchu's Food Emporium.
  3849 | D:5      | Noticed a sky beast
  3875 | D:5      | Killed a sky beast
  3875 | D:5      | Reached XP level 6. HP: 41/61 MP: 12/12
  4251 | D:5      | Gained mutation: Your system is resistant to poisons.
                  | (rPois) [evolution]
  4416 | D:5      | Reached skill level 5 in Unarmed Combat
  4712 | D:6      | Noticed a human
  4730 | D:6      | Killed a human
  4730 | D:6      | Reached skill level 6 in Unarmed Combat
  4730 | D:6      | Reached XP level 7. HP: 42/68 MP: 10/13
  4734 | D:6      | Noticed a human
  4855 | D:6      | Noticed a human
  4856 | D:6      | Noticed a human
  4882 | D:5      | Killed a human
  5028 | D:6      | Found a sparkling altar of Nemelex Xobeh.
  5077 | D:6      | Found Ecruxiro's Antique Weapon Emporium.
  5150 | D:6      | Noticed a human
  5169 | D:6      | Killed a human
  5183 | D:6      | Killed a human
  5183 | D:6      | Reached XP level 8. HP: 66/75 MP: 7/14
  5189 | D:6      | Reached skill level 5 in Dodging
  5306 | D:6      | Found a shadowy altar of Dithmenos.
  5571 | D:6      | Found a shimmering blue altar of Sif Muna.
  5587 | D:6      | Found Hiododd's Distillery.
  5591 | D:6      | Found Vut Emp's Gadget Shop.
  5593 | D:6      | Bought a potion of heal wounds for 65 gold pieces
  5593 | D:6      | Bought a potion of curing for 39 gold pieces
  5593 | D:6      | Bought a potion of curing for 39 gold pieces
  5593 | D:6      | Bought a potion of curing for 39 gold pieces
  5593 | D:6      | Bought a potion of resistance for 130 gold pieces
  5652 | D:6      | Found Hotyd's Armour Shoppe.
  5679 | D:6      | Gained mutation: You cannot be stealthy. [Ru sacrifice]
  5689 | D:6      | Found a runed translucent gate.
  5690 | D:6      | Found a runed translucent gate.
  5692 | D:6      | Found a runed translucent gate.
  5693 | D:6      | Noticed bmfx's ghost (novice DESu)
  5847 | D:7      | Noticed a hippogriff
  5862 | D:7      | Killed a hippogriff
  5880 | D:7      | Reached skill level 7 in Unarmed Combat
  5976 | D:7      | Reached skill level 5 in Fighting
  5976 | D:7      | Reached XP level 9. HP: 69/88 MP: 11/15
  6041 | D:6      | Gained mutation: Your spells are a little easier to cast,
                  | but a little less powerful. [evolution]
  6569 | D:7      | Gained mutation: Your natural rate of healing is unusually
                  | fast. [evolution]
  6907 | D:7      | Reached skill level 8 in Unarmed Combat
  7327 | D:8      | Noticed Pikel
  7343 | D:8      | Killed Pikel
  7435 | D:8      | Found a sacrificial altar of Ru.
  7684 | D:8      | Reached XP level 10. HP: 93/99 MP: 12/16
  7713 | D:8      | Reached skill level 9 in Unarmed Combat
  7721 | D:8      | Noticed Grum
  7729 | D:8      | Killed Grum
  7794 | D:8      | Found a basalt altar of Yredelemnul.
  7794 | D:8      | Noticed Joseph
  7803 | D:8      | Killed Joseph
  7804 | D:8      | Noticed Psyche
  7829 | D:8      | Killed Psyche
  7829 | D:8      | Reached skill level 10 in Unarmed Combat
  8034 | D:8      | Reached skill level 1 in Evocations
  8035 | D:8      | Noticed a two-headed ogre
  8055 | D:8      | Killed a two-headed ogre
  8060 | D:8      | Gained mutation: Your mind is acute. (Int +2) [evolution]
  8280 | D:9      | Reached skill level 5 in Spellcasting
  8329 | D:9      | Learned a level 5 spell: Blade Hands
  8517 | D:9      | Reached XP level 11. HP: 106/106 MP: 19/19
  8687 | D:9      | Found an ornate altar of the Wu Jian Council.
  8784 | D:10     | Entered Level 10 of the Dungeon
  8784 | D:10     | Found a staircase to the Orcish Mines.
  9038 | D:10     | Reached skill level 5 in Evocations
  9096 | D:10     | Noticed a two-headed ogre
  9116 | D:10     | Killed a two-headed ogre
  9351 | D:10     | Found a runed translucent door.
  9351 | D:10     | Found a runed translucent door.
  9351 | D:10     | Noticed an eight-headed hydra
  9351 | D:10     | Noticed an orc knight
  9407 | D:10     | Found Uvops's General Store.
  9415 | D:10     | Bought 2 scrolls of fog for 44 gold pieces
  9475 | D:10     | Found Pajur's Armour Shoppe.
  9488 | D:10     | Bought a +1 pair of boots for 138 gold pieces
  9619 | D:10     | Noticed an unseen horror
  9627 | D:10     | Killed an unseen horror
  9669 | D:10     | Noticed an unseen horror
  9674 | D:10     | Noticed an unseen horror
  9677 | D:10     | Killed an unseen horror
  9677 | D:10     | Identified the ring of Lidaka {+Blink MR+ Str+2 Stlth+}
  9677 | D:10     | Noticed a deep elf mage
  9683 | D:10     | Reached skill level 10 in Transmutations
  9687 | D:10     | Killed an unseen horror
  9693 | D:10     | Killed a deep elf mage
  9703 | D:10     | Got a clouded lead ring
  9704 | D:10     | Identified the ring of the Scarab {rPois rC+ EV+3} (You
                  | found it on level 10 of the Dungeon)
  9710 | D:10     | Got a bound lead amulet
  9711 | D:10     | Identified the amulet "Gunesk" {Inacc rC- MR+ SInv} (You
                  | found it on level 10 of the Dungeon)
  9728 | D:10     | Noticed a two-headed ogre
  9733 | D:10     | Killed a two-headed ogre
  9734 | D:10     | Got a fine silver ring
  9735 | D:10     | Identified the ring "Ritualla" {Wiz rC++ MR+} (You found it
                  | on level 10 of the Dungeon)
 10082 | D:11     | Noticed an oklob plant
 10087 | D:11     | Noticed an oklob plant
 10213 | D:11     | Got an ancient lead ring
 10214 | D:11     | Identified the ring "Nidioso" {+Fly rF+ MR+} (You found it
                  | on level 11 of the Dungeon)
 10281 | D:11     | Noticed an unseen horror
 10283 | D:11     | Killed an unseen horror
 10283 | D:11     | Reached skill level 11 in Unarmed Combat
 10291 | D:11     | Lost mutation: You are clumsy. (Dex -2) [evolution]
 10291 | D:11     | Lost mutation: You evolve. [end of evolution]
 10325 | D:11     | Noticed an orc knight
 10325 | D:11     | Reached XP level 12. HP: 97/121 MP: 14/21
 10862 | D:11     | Found a roughly hewn altar of Beogh.
 11135 | D:11     | Found a staircase to the Lair.
 11192 | Lair:1   | Entered Level 1 of the Lair of Beasts
 11204 | D:11     | Reached skill level 12 in Unarmed Combat
 11287 | Lair:1   | Noticed a six-headed hydra
 11307 | D:11     | Learned a level 4 spell: Ice Form
 11315 | Lair:1   | Killed a six-headed hydra
 11315 | Lair:1   | Reached skill level 10 in Fighting
 12149 | Lair:2   | Reached skill level 13 in Unarmed Combat
 12247 | Lair:2   | Gained mutation: Your cowardice makes you less effective in
                  | combat with threatening monsters. [Ru sacrifice]
 12247 | Lair:2   | Reached *** piety under Ru
 12247 | Lair:2   | Reached **** piety under Ru
 12254 | Lair:2   | You fall into a shaft and drop 2 floors!
 12386 | Lair:2   | Reached XP level 13. HP: 135/135 MP: 16/22
 12923 | Lair:3   | Noticed Gastronok
 12934 | Lair:3   | Noticed kaychamo's ghost (journeyman NaHu)
 12937 | Lair:3   | Killed Gastronok
 12937 | Lair:3   | Reached skill level 14 in Unarmed Combat
 12946 | Lair:3   | Identified the cursed +1 trident of the Coin {antimagic,
                  | rElec MR+ Int-3}
 13022 | Lair:3   | Identified the +3 trident of Defilement {drain, +Inv Dex+3}
 13071 | Lair:3   | Found a staircase to the Swamp.
 13083 | Lair:3   | Found a transporter.
 13378 | Lair:3   | Found a transporter.
 13379 | Lair:3   | Found a bloodstained altar of Trog.
 13386 | Lair:3   | Found a transporter.
 13408 | Lair:3   | Found a staircase to the Snake Pit.
 13594 | Lair:3   | Found a transporter.
 14199 | Lair:4   | Reached skill level 15 in Unarmed Combat
 14994 | Lair:5   | Noticed Snorg
 15000 | Lair:5   | Killed Snorg
 15000 | Lair:5   | Reached skill level 16 in Unarmed Combat
 15095 | Lair:5   | Noticed Kirke
 15125 | Lair:5   | Killed Kirke
 15583 | Lair:5   | Found a viscous altar of Jiyva.
 15595 | Lair:5   | Found a staircase to the Slime Pits.
 15636 | Lair:5   | Reached XP level 14. HP: 146/146 MP: 18/23
 15787 | Lair:6   | Entered Level 6 of the Lair of Beasts
 16656 | Lair:6   | Identified Poaginee's Catalogue of Evil Self-Improvement
 16847 | Lair:6   | Reached skill level 17 in Unarmed Combat
 16891 | Lair:6   | Reached skill level 10 in Dodging
 17338 | Lair:6   | Reached XP level 15. HP: 140/160 MP: 18/24
 17968 | D:12     | Gained mutation: You are hated by all. [Ru sacrifice]
 17968 | D:12     | Reached ***** piety under Ru
 18492 | D:13     | Noticed Josephine
 18507 | D:13     | Killed Josephine
 19019 | D:13     | Found a gate to the Vaults.
 19187 | D:14     | Found a portal to a secret trove of treasure.
 19629 | D:14     | Reached skill level 18 in Unarmed Combat
 19760 | D:14     | Gained mutation: Your casting is slightly disrupted. [Ru
                  | sacrifice]
 20035 | D:15     | Entered Level 15 of the Dungeon
 20484 | D:15     | Found a staircase to the Depths.
 20542 | D:15     | Reached XP level 16. HP: 171/175 MP: 21/25
 20591 | D:15     | Found a runed translucent gate.
 20903 | D:15     | Found a runed translucent gate.
 20903 | D:15     | Found a runed translucent gate.
 20912 | D:15     | Noticed Jeoraust's ghost (journeyman MiFi)
 20912 | D:15     | Noticed Wayffaf's ghost (journeyman DrSk)
 21278 | D:15     | Noticed Doofuf's ghost (journeyman DsWn)
 21410 | Orc:1    | Entered Level 1 of the Orcish Mines
 21868 | Orc:1    | You fall into a shaft and drop 1 floor!
 21868 | Orc:2    | Entered Level 2 of the Orcish Mines
 21868 | Orc:2    | Found Roef's Armour Emporium.
 22303 | Orc:2    | Found a staircase to the Elven Halls.
 22453 | Orc:2    | Noticed Blork the orc
 22457 | Orc:2    | Found a roughly hewn altar of Beogh.
 22477 | Orc:2    | Killed Blork the orc
 22811 | Orc:2    | Found Kyjuc's General Store.
 22820 | Orc:2    | Bought a scroll of fear for 49 gold pieces
 22844 | Orc:2    | Found Rekunol's Antique Armour Boutique.
 22864 | Orc:2    | Found Datud's Jewellery Shop.
 22975 | Orc:2    | Bought a pair of glowing boots for 150 gold pieces
 23004 | Orc:2    | Found Zuthro Hazuu's Book Boutique.
 23020 | Orc:2    | Found Jimishal's Antique Weapon Boutique.
 23326 | Swamp:1  | Entered Level 1 of the Swamp
 23680 | Swamp:1  | Noticed Jorgrun
 23694 | Swamp:1  | Killed Jorgrun
 24118 | Swamp:2  | Identified Iheir's Handbook of Protection and Translocation
 24123 | Swamp:2  | Reached skill level 15 in Fighting
 24268 | Swamp:2  | Identified a +0 pair of boots of running (You bought it in
                  | a shop on level 2 of the Orcish Mines)
 24825 | Swamp:2  | Reached skill level 19 in Unarmed Combat
 24994 | Swamp:2  | Found a snail-covered altar of Cheibriados.
 25563 | Swamp:3  | Reached XP level 17. HP: 170/187 MP: 28/30
 26228 | Swamp:3  | Reached skill level 10 in Spellcasting
 26293 | Swamp:4  | Entered Level 4 of the Swamp
 26460 | Swamp:4  | Upgraded the game from 0.25-a0-308-geac79542e2 to
                  | 0.25-a0-310-g60f0ac2d9a
 26629 | Swamp:4  | Reached skill level 20 in Unarmed Combat
 26973 | Swamp:4  | Lost mutation: Your mind is acute. (Int +2) [Ru sacrifice]
 26973 | Swamp:4  | Gained mutation: You are dopey. (Int -2) [Ru sacrifice]
 26973 | Swamp:4  | Reached ****** piety under Ru
 27180 | Swamp:4  | Identified Ushogamu's Compendium of Protection
 27415 | Swamp:4  | Noticed the 27-headed Lernaean hydra
 27423 | Swamp:4  | Killed the 27-headed Lernaean hydra
 27602 | Swamp:4  | Got a decaying rune of Zot
 28026 | Snake:1  | Entered Level 1 of the Snake Pit
 28266 | Snake:1  | Found Wyinnuh's Armour Emporium.
 29316 | D:14     | You paid a toll of 7 potions of agility to enter a treasure
                  | trove
 29317 | Trove    | Entered a treasure trove
 29342 | Trove    | Got a warped steel ring
 29343 | Trove    | Identified the ring "Comy" {Fire MR+ Int+3} (You found it
                  | in a treasure trove)
 29345 | Trove    | Got a vibrating emerald amulet
 29346 | Trove    | Identified the amulet of Ominuz Buex {Acrobat rF+++ Str+5
                  | Dex-2} (You found it in a treasure trove)
 29717 | Snake:2  | Noticed Azrael
 29734 | Snake:2  | Killed Azrael
 29941 | Snake:2  | Reached XP level 18. HP: 191/200 MP: 28/32
 30604 | Snake:2  | You fall into a shaft and drop 1 floor!
 30704 | Snake:3  | Reached skill level 21 in Unarmed Combat
 30711 | Snake:3  | Got a sparkling silver ring
 31034 | Snake:3  | Noticed Aizul
 31045 | Snake:3  | Killed Aizul
 31206 | Snake:3  | Noticed Donald
 31224 | Snake:3  | Killed Donald
 31337 | Snake:4  | Entered Level 4 of the Snake Pit
 33709 | Snake:4  | Reached XP level 19. HP: 134/214 MP: 29/33
 33930 | Snake:4  | Reached skill level 22 in Unarmed Combat
 33988 | Snake:4  | Got a serpentine rune of Zot
 35133 | Vaults:1 | Entered Level 1 of the Vaults
 36710 | Vaults:1 | Reached XP level 20. HP: 159/231 MP: 29/34
 36721 | Vaults:1 | Reached skill level 23 in Unarmed Combat
 37596 | Vaults:2 | Found a staircase to the Crypt.
 37596 | Vaults:2 | Found a basalt altar of Yredelemnul.
 37597 | Vaults:2 | Found an ancient bone altar of Kikubaaqudgha.
 38182 | Vaults:2 | Found a runed translucent gate.
 38182 | Vaults:2 | Found a runed translucent gate.
 38182 | Vaults:2 | Found a runed translucent gate.
 38182 | Vaults:2 | Noticed Qenoimudgh's ghost (adept FeMo)
 38184 | Vaults:2 | Identified the cursed +0 broad axe of the Imperium {venom,
                  | rC+}
 38184 | Vaults:2 | Identified the +3 shield of Spite {rF+}
 38303 | Vaults:2 | Reached skill level 24 in Unarmed Combat
 38651 | Vaults:2 | Identified the ring of Naweo {rF+ rC+ MP+9} (You found it
                  | on level 3 of the Snake Pit)
 39017 | Vaults:2 | Found a roughly hewn altar of Beogh.
 39488 | Vaults:3 | Identified a scroll of acquirement
 40557 | Vaults:3 | Reached skill level 25 in Unarmed Combat
 40561 | Vaults:3 | Reached XP level 21. HP: 194/241 MP: 32/35
 42701 | Elf:1    | Entered Level 1 of the Elven Halls
 42829 | Elf:1    | Found Rumerier's Gadget Emporium.
 42920 | Elf:1    | Reached skill level 26 in Unarmed Combat
 43156 | Elf:1    | Bought a wand of acid (9) for 312 gold pieces
 44040 | Elf:2    | Noticed Agnes
 44052 | Elf:2    | Killed Agnes
 44166 | Elf:2    | Found a runed translucent gate.
 44166 | Elf:2    | Found a runed translucent gate.
 44167 | Elf:2    | Found a runed translucent gate.
 44326 | Elf:2    | Noticed Asterion
 44669 | Elf:2    | Killed Asterion
 45397 | Elf:3    | Entered Level 3 of the Elven Halls
 45397 | Elf:3    | Found Futuanen's Antique Armour Shoppe.
 45413 | Elf:3    | Bought a pair of embroidered gloves for 187 gold pieces
 45569 | Elf:3    | Found a radiant altar of Vehumet.
 45906 | Elf:3    | Reached XP level 22. HP: 235/250 MP: 28/36
 46239 | Elf:3    | Cast into level 3 of the Abyss (a deep elf sorcerer)
 46239 | Abyss:3  | Found a corrupted altar of Lugonu.
 46384 | Abyss:3  | Lost mutation: You are very robust. (+20% HP) [a neqoxec]
 46397 | Abyss:3  | Paralysed by accursed screaming for 1 turns
 46405 | Abyss:3  | Paralysed by accursed screaming for 1 turns
 46831 | Elf:3    | Escaped the Abyss
 46891 | Elf:3    | Identified the +3 scimitar of Naipu {slice, Str+4 Int+5}
 46937 | Elf:3    | Identified the amulet "Monikiam" {Harm *Drain +Blink Dex+5}
 46948 | Elf:3    | Reached skill level 10 in Evocations
 47241 | Elf:3    | Identified the ring of Annuh {rF+ MR+ MP+9 Str+3 Stlth+}
 47286 | Elf:3    | Identified the +8 chain mail of Kechisil {+Inv rCorr}
 47358 | Elf:3    | Identified the Handbook of the Cankerous Compass
 48094 | Depths:1 | Entered Level 1 of the Depths
 48112 | Depths:1 | Reached skill level 27 in Unarmed Combat
 48276 | Depths:1 | Found a gateway to a ziggurat.
 48470 | Depths:1 | Found a one-way gate leading to the halls of Pandemonium.
 48839 | Depths:1 | Found a one-way gate to the infinite horrors of the Abyss.
 48893 | Depths:1 | Noticed Margery
 48916 | Depths:1 | Killed Margery
 49044 | Depths:1 | Found a gateway to Hell.
 49125 | Depths:1 | Noticed a juggernaut
 49432 | D:6      | Killed bmfx's ghost
 49835 | D:15     | Killed Jeoraust's ghost
 49843 | D:15     | Killed Wayffaf's ghost
 49847 | D:15     | Killed Doofuf's ghost
 49864 | D:15     | Got a warped iron ring
 49865 | D:15     | Identified the ring of Eraes {Dex+3 SInv} (You found it on
                  | level 15 of the Dungeon)
 50126 | Lair:3   | Killed kaychamo's ghost
 50655 | Vaults:2 | Killed Qenoimudgh's ghost
 51170 | Depths:2 | Reached XP level 23. HP: 171/236 MP: 31/37
 51455 | Depths:2 | Noticed the Enchantress
 51489 | Depths:2 | Killed the Enchantress
 51913 | Depths:2 | Reached skill level 15 in Dodging
 51943 | Depths:2 | Noticed Saint Roka
 52156 | Depths:2 | Killed Saint Roka
 52920 | Depths:3 | Noticed Xtahua
 52943 | Depths:3 | Killed Xtahua
 52946 | Depths:3 | Noticed Jory
 52957 | Depths:3 | Killed Jory
 53485 | Depths:3 | Noticed Mara
 53496 | Depths:3 | Noticed Bai Suzhen
 53850 | Depths:3 | Killed Bai Suzhen
 54603 | Depths:2 | Killed Mara
 54747 | Depths:3 | Reached XP level 24. HP: 203/250 MP: 35/37
 55179 | Depths:3 | Learned a level 7 spell: Dragon Form
 55836 | Depths:4 | Found Daapput's Antique Armour Boutique.
 55894 | Depths:3 | Slain by a deep troll

Levels and vault maps discovered:
D:1:      dpeg_arrival_arbitrary_c, layout_loops_ring, serial_glass,
          glass_columns_c, glass_columns_a, minmay_cut_off
D:2:      layout_rooms, eat_drink_and_be_merry_uskayaw, elyvilon_altar_4,
          uniq_jessica
D:3:      layout_rooms, lemuel_round_altar, minmay_misc_feat_square
D:4:      corexii_shack_village, layout_loops_corners, ashenzari_altar_1,
          serial_shops, nicolae_shop_behind_doors, first_ration,
          fedhas_ov_isle_minmay
D:5:      layout_loops_corners, minmay_temple_entry_ruins,
          gup_ossuary_entry_pyramid, minmay_fractal_squares_5, uniq_ijyb,
          uniq_duvessa
D:6:      layout_basic, kennysheep_mini, lemuel_crystal_altar,
          grunt_dithmenos_shadows, serial_shops, nicolae_shop_crystal,
          nicolae_shop_trees, shop, shop, gammafunk_ghost_necromancy,
          minmay_ruffians
D:7:      minmay_spotlight, layout_basic, grunt_livestock, fountainhead
D:8:      layout_basic, yredelemnul_altar_generic, minivault_22,
          chequers_serial_rivers_micro_a, nicolae_ru_great_annihilating_truth,
          uniq_grum, uniq_pikel, uniq_psyche, uniq_joseph
D:9:      layout_loops_cross, old_standard_altar
D:10:     minmay_the_grid_triangle_9x9_recursive_2
          [minmay_the_grid_triangle_9x9_prize_special,
          minmay_the_grid_triangle_9x9_steps,
          minmay_the_grid_triangle_9x9_corruption,
          minmay_the_grid_triangle_9x9_tough_junction], layout_cave_pods,
          orc_david_3, serial_shops, shop
D:11:     layout_roguey [special_room_orc], dpeg_oklobed_lair,
          minmay_shattered_shrine
D:12:     layout_roguey
D:13:     layout_small_grid, ximxim_vaults_locker_room, uniq_josephine
D:14:     layout_roguey, hangedman_decor_slide_cut, enter_trove_0
D:15:     hangedman_depths_entry_civil_slaughter, layout_loops_ring,
          chequers_jeans, gammafunk_ghost_cemetery
Temple:   nicolae_temple_figure_eight
Lair:1:   layout_layer_cave
Lair:2:   lemuel_ratsnest, layout_loops_ring
Lair:3:   gammafunk_cloud_chamber, layout_hall_layers, minmay_swamp_entry_wisps,
          dummy_snake_entry, gammafunk_ghost_wrathful_warriors,
          lightli_volcano_entry_magma_tube, serial_bayou_shore_b,
          lemuel_fruit_fields, infiniplex_staircase_pool_2, uniq_gastronok
Lair:4:   layout_long_grid
Lair:5:   layout_gridlike, slime_altar_1, kennysheep_rathole,
          grunt_megastairs_1, uniq_snorg, uniq_kirke
Lair:6:   grunt_lair_end_beastmaster, layout_cave_pods, special_room
          [special_room_mythical_zoo]
Swamp:1:  layout_falls_marsh, hangedman_swamp_cone, uniq_jorgrun
Swamp:2:  layout_falls_marsh, nicolae_swamp_godswood
Swamp:3:  layout_falls_marsh, infiniplex_staircase_pool
Swamp:4:  grunt_swamp_rune_castle, layout_basic_swamp, swamp_pool5
Snake:1:  layout_layer_cave, serial_shops, nicolae_shop_window_shopping
Snake:2:  layout_rooms, uniq_azrael
Snake:3:  layout_misc_corridors, uniq_donald, uniq_aizul
Snake:4:  grunt_snake_rune_spirals, layout_onion_interference,
          grunt_ministairs_9
Orc:1:    layout_caves
Orc:2:    grunt_orc_cross, layout_caves, serial_shops, shop,
          guppyfry_orc_lava_fort
Elf:1:    minmay_elf_arrival_summoners, layout_gridlike, serial_shops,
          nicolae_shop_window_shopping, hangedman_elf_disciples
Elf:2:    layout_geoelf_diagonals, minmay_misc_feat_rows, uniq_agnes,
          uniq_asterion
Elf:3:    minmay_elf_hall_furrowed, layout_geoelf_octagon, basic_altar,
          serial_shops, nicolae_shop_temple_entry_statues_fountains
Vaults:1: hangedman_vaults_river_flow, nicolae_vaults_network_barrier,
          ontoclasm_vaults_hangar, nicolae_vaults_rhombus_6,
          ontoclasm_vaults_ring_small, st_more_cells, v_misc_28,
          vaults_dpeg_encased_lava, ontoclasm_vaults_decontamination,
          nicolae_vaults_border_crossing, vaults_mumra_hex,
          layout_vaults_quadrants
Vaults:2: biasface_vaults_ghost_orc_armoury, grunt_vaults_diagonal,
          nicolae_vaults_minivaults, minmay_crypt_entry_necro_gods,
          hangedman_vaults_unwind, nicolae_vaults_little_squares_3, v_misc_11,
          hangedman_vaults_restitches, nicolae_vaults_gold_heap,
          nicolae_vaults_network_periphery, v_misc_25, vaults_room_corners,
          vaults_room_corners, hangedman_vaults_impose,
          vaults_room_stairs_pillars, layout_vaults_maze
Vaults:3: vaults_room_door_ring, st_lattice, v_misc_16, v_rooms_1,
          grunt_vaults_focal, hangedman_vaults_nodes, vaults_room_door_hall,
          v_misc_4, nicolae_vaults_windows_and_doors_thing, v_pattern_2,
          layout_vaults_omnibox
Vaults:4: nicolae_vaults_specimen_jars, hangedman_vaults_pinch,
          ontoclasm_vaults_gateway, v_misc_11, nicolae_vaults_yaktaur_gun_rack,
          ontoclasm_vaults_chip, v_rooms_3, vaults_room_hallway, v_misc_29,
          v_misc_16, nicolae_vaults_hallways_thing, layout_vaults_omnicross
Depths:1: layout_roguey, enter_ziggurat_e, abyss_entry, abandoned_shop,
          grunt_metal_band, rand_demon_pan_entry_1, minivault_12
Depths:2: kb_forest_paths, layout_basic, abyss_entry, hangedman_decor_riveting,
          hell_entry, infiniplex_staircase_river, uniq_enchantress,
          uniq_saint_roka
Depths:3: nooodl_heptagram, layout_basic, chequers_serial_rivers_marsh,
          abyss_entry, hellmouth_1, pan_entry, drop_trap, uniq_jory,
          uniq_xtahua, uniq_mara, uniq_bai_suzhen
Depths:4: kennysheep_large_spiral, layout_honeycomb,
          hangedman_abyss_entry_splay, hell_entry,
          chequers_serial_rivers_room_b, serial_shops, shop,
          infiniplex_staircase_pillars_1, serial_bayou_shore_b

Skill      XL: |  1  2  3  4  5  6  7  8  9 10 11 12 13 14 15 16 17 18 19 20 21 22 23 24 |
---------------+-------------------------------------------------------------------------+-----
Transmutations | 3 5 6 7 10 12 14 | 14.8
Spellcasting   | 3 4 5 6 9 10 | 10.0
Fighting       | 3 2 5 6 8 10 12 14 15 16 18 19 20 21 | 21.7
Unarmed Combat | 4 6 7 8 10 11 13 16 17 18 19 20 21 22 25 26 27 | 27.0
Dodging        | 4 6 7 8 10 11 12 14 16 | 16.9
Evocations     | 4 5 7 10 | 10.0

Action                   |  1- 3 |  4- 6 |  7- 9 | 10-12 | 13-15 | 16-18 | 19-21 | 22-24 || total
-------------------------+-------+-------+-------+-------+-------+-------+-------+-------++-------
Melee: Unarmed           |    89 |   226 |   350 |   454 |   878 |  1366 |  1297 |  1160 ||  5820
       Tailslap          |    10 |     8 |    11 |    25 |   106 |   149 |   164 |   128 ||   601
       Headbutt          |     4 |     4 |       |       |       |       |       |       ||     8
       Kick              |     8 |     7 |       |       |       |       |       |       ||    15
       Punch             |       |       |     1 |     7 |    56 |    78 |   119 |    90 ||   351
 Cast: Beastly Appendage |    13 |     7 |     1 |       |       |     2 |       |       ||    23
       Sticks to Snakes  |     2 |     3 |       |       |       |       |       |       ||     5
       Spider Form       |       |    20 |    47 |    29 |       |       |       |       ||    96
       Blade Hands       |       |       |       |    34 |   110 |   168 |   128 |   109 ||   549
       Ice Form          |       |       |       |     1 |     9 |    15 |       |     1 ||    26
Invok: Sacrifice Experie |       |     1 |       |       |       |       |       |       ||     1
       Sacrifice Stealth |       |       |     1 |       |       |       |       |       ||     1
       Reject Sacrifices |       |       |       |     1 |     1 |       |       |       ||     2
       Sacrifice Courage |       |       |       |     1 |       |       |       |       ||     1
       Sacrifice Essence |       |       |       |       |     1 |       |       |       ||     1
       Sacrifice Love    |       |       |       |       |     1 |       |       |       ||     1
       Apocalypse        |       |       |       |       |       |     1 |     3 |     1 ||     5
       Sacrifice Purity  |       |       |       |       |       |     1 |       |       ||     1
       Power Leap        |       |       |       |       |       |       |       |     1 ||     1
 Abil: Breathe Steam     |       |       |     8 |    80 |    83 |    63 |     3 |     3 ||   240
       End Transformatio |       |       |       |     5 |     1 |     1 |       |       ||     7
Evoke: Wand              |       |       |       |       |     1 |     1 |       |     5 ||     7
       Lamp of fire      |       |       |       |       |       |       |       |     1 ||     1
  Use: Scroll            |       |    15 |     5 |     6 |     3 |    11 |     9 |     8 ||    57
       Potion            |       |     4 |       |       |       |     6 |     3 |    12 ||    25
 Stab: Sleeping          |       |     2 |     1 |       |       |       |       |       ||     3
       Distracted        |       |     1 |     3 |     1 |     6 |     7 |     5 |     6 ||    29
       Invisible         |       |       |     1 |     4 |     4 |    18 |    12 |    14 ||    53
       Paralysed         |       |       |       |       |     4 |    14 |     9 |     9 ||    36
       Confused          |       |       |       |       |       |     1 |       |       ||     1
  Eat: Chunk             |     1 |     9 |    17 |    34 |    62 |    56 |    54 |    50 ||   283
       Ration            |       |     1 |       |     1 |     3 |    11 |     5 |     2 ||    23
Armor: Skin              |    25 |    47 |    29 |    57 |   129 |   183 |   142 |   193 ||   805
Dodge: Dodged            |    54 |   165 |   239 |   394 |   528 |   901 |   657 |   585 ||  3523

Table legend:
 A = Non-vault XP
 B = Vault XP
 C = Vault XP percentage of total XP
 D = Non-vault monster count
 E = Vault monster count
 F = Vault count percentage of total count
                 A         B        C        D         E       F
            +---------+---------+-------+---------+---------+-------
      Total |  525859 |  521517 |  49.8 |    1426 |     789 |  35.6
            +---------+---------+-------+---------+---------+-------
        D:1 |      41 |       4 |   8.9 |      18 |       3 |  14.3
        D:2 |      68 |      35 |  34.0 |      15 |       1 |   6.2
        D:3 |      63 |       0 |   0.0 |      30 |       0 |   0.0
        D:4 |     136 |      18 |  11.7 |      20 |       8 |  28.6
        D:5 |     380 |     631 |  62.4 |      13 |      10 |  43.5
        D:6 |     451 |    1615 |  78.2 |      19 |      12 |  38.7
        D:7 |     682 |    1144 |  62.7 |      24 |       6 |  20.0
        D:8 |    2263 |    1926 |  46.0 |      35 |      10 |  22.2
        D:9 |    2643 |       0 |   0.0 |      24 |       0 |   0.0
       D:10 |    4453 |    6259 |  58.4 |      33 |      18 |  35.3
       D:11 |    3503 |    5231 |  59.9 |      31 |      38 |  55.1
       D:12 |    4825 |       0 |   0.0 |      27 |       0 |   0.0
       D:13 |    9664 |    6516 |  40.3 |      43 |      17 |  28.3
       D:14 |   12967 |    1150 |   8.1 |      33 |       1 |   2.9
       D:15 |   14146 |    7684 |  35.2 |      47 |       8 |  14.5
     Temple |      35 |       0 |   0.0 |       1 |       0 |   0.0
     Lair:1 |    3254 |       0 |   0.0 |      12 |       0 |   0.0
     Lair:2 |    5822 |     521 |   8.2 |      26 |      35 |  57.4
     Lair:3 |    3987 |   10289 |  72.1 |      19 |      22 |  53.7
     Lair:4 |    4965 |       0 |   0.0 |      21 |       0 |   0.0
     Lair:5 |    9966 |    5929 |  37.3 |      34 |      21 |  38.2
     Lair:6 |   26687 |   16027 |  37.5 |      64 |      37 |  36.6
    Swamp:1 |    7681 |    2931 |  27.6 |      24 |       1 |   4.0
    Swamp:2 |   17029 |       0 |   0.0 |      36 |       0 |   0.0
    Swamp:3 |   19327 |       0 |   0.0 |      55 |       0 |   0.0
    Swamp:4 |   20016 |   22650 |  53.1 |      46 |      36 |  43.9
    Snake:1 |   10566 |       0 |   0.0 |      21 |       0 |   0.0
    Snake:2 |   21005 |    2319 |   9.9 |      41 |       7 |  14.6
    Snake:3 |   11207 |    3922 |  25.9 |      22 |       3 |  12.0
    Snake:4 |   30403 |   72850 |  70.6 |      49 |      92 |  65.2
      Orc:1 |    3630 |       0 |   0.0 |      43 |       0 |   0.0
      Orc:2 |    2414 |   10998 |  82.0 |      40 |      46 |  53.5
      Elf:1 |   15537 |    9389 |  37.7 |      27 |      15 |  35.7
      Elf:2 |    8456 |   30182 |  78.1 |      16 |      34 |  68.0
      Elf:3 |   10393 |   53431 |  83.7 |      19 |      37 |  66.1
   Vaults:1 |   28909 |   35470 |  55.1 |      60 |      45 |  42.9
   Vaults:2 |   23948 |   41097 |  63.2 |      46 |      59 |  56.2
   Vaults:3 |   23315 |   24300 |  51.0 |      43 |      36 |  45.6
   Vaults:4 |   31602 |   11712 |  27.0 |      44 |      22 |  33.3
   Depths:1 |   21560 |   11586 |  35.0 |      37 |      13 |  26.0
   Depths:2 |   23187 |   46183 |  66.6 |      38 |      42 |  52.5
   Depths:3 |   60783 |   77518 |  56.1 |      80 |      54 |  40.3
   Depths:4 |    5513 |       0 |   0.0 |       5 |       0 |   0.0
    Abyss:3 |   18377 |       0 |   0.0 |      45 |       0 |   0.0
            +---------+---------+-------+---------+---------+-------
